 Dungeon Crawl Stone Soup version 0.31-a0-816-gd61d57ddb1 (webtiles) character file.

Game seed: 13127615735535540854

22619 Revguard the Fighter (level 13, -4/116 HPs)
             Began as a Ghoul Monk on Sept 22, 2023.
             Was a High Priest of Okawaru.
             Shot with an arrow by a centaur warrior (11 damage)
             ... on level 13 of the Dungeon.
             The game lasted 00:30:31 (13490 turns).

Revguard the Fighter (Ghoul Monk)                  Turns: 13490, Time: 00:30:33

Health: -4/116     AC: 16    Str: 20    XL:     13   Next: 1%
Magic:  17/17      EV:  8    Int:  5    God:    Okawaru [*****.]
Gold:   445        SH:  5    Dex: 11    Spells: 12/12 levels left

rFire   + . .        x - +4 war axe (vamp)
rCold   + + .        d - orb {light}
rNeg    + + +        j - +0 plate armour
rPois   ∞            v - +1 hat
rElec   .            u - scarf {rC+ rF+}
rCorr   .            F - +0 pair of gloves
SInv    +            (no boots)
Will    +....        b - amulet of reflection Stlth
                     c - ring of see invisible
HPRegen 0.00/turn    f - ring of willpower
MPRegen 0.15/turn

%: reflection
@: inhibited regen, glowing
A: claws 1, cold resistance 1, negative energy resistance 3, inhibited
regeneration, torment resistance 2, devour on kill
a: Renounce Religion, Heroism, Finesse, Duel


You were on level 13 of the Dungeon.
You worshipped Okawaru.
Okawaru was extremely pleased with you.
You visited 2 branches of the dungeon, and saw 14 of its levels.
You also visited: Sewer and Bailey.

You collected 748 gold pieces.
You spent 303 gold pieces at shops.

Inventory:

Hand Weapons
 l - the +4 mace of Defiance {spect, Str+3 Int+4}
   (You found it on level 3 of the Dungeon)

   Str+3:     It affects your strength (+3).
   Int+4:     It affects your intelligence (+4).
 o - a +0 broad axe
 x - a +4 vampiric war axe (weapon)
Armour
 d - an orb of light (worn)
 j - a +0 plate armour (worn)
 u - a scarf of resistance (worn)
 v - a +1 hat (worn)
 F - a +0 pair of gloves (worn)
Jewellery
 b - an amulet of reflection (around neck)
 c - a ring of see invisible (left hand)
 f - a ring of willpower (right hand)
 n - a ring of fire
 y - an amulet of guardian spirit
 D - a +6 ring of strength
 E - an amulet of magic regeneration
Wands
 t - a wand of flame (15)
 z - a wand of roots (7)
Scrolls
 a - a scroll of silence
 e - a scroll of enchant armour
 i - a scroll of fear
 m - a scroll of amnesia
 A - a scroll of teleportation
Potions
 g - a potion of haste
 h - a potion of lignification
 k - 2 potions of berserk rage
 p - 2 potions of magic
 q - a potion of curing
 r - a potion of enlightenment {unknown}
 s - a potion of mutation {unknown}
 w - a potion of attraction {unknown}
 B - 3 potions of might
 C - 5 potions of degeneration {unknown}
 G - a potion of resistance {unknown}


   Skills:
 * Level 11.1 Fighting
 * Level 9.4 Axes
 * Level 8.8 Armour
 + Level 6.8 Dodging
 + Level 6.0 Shields
 + Level 7.3 Invocations
 + Level 6.1 Evocations


You had 12 spell levels left.
You didn't know any spells.
Your spell library contained the following spells:

 Spells                   Type           Power      Damage    Failure   Level
 Apportation              Tloc           0%         N/A       100%        1
 Blink                    Tloc           0%         N/A       100%        2
 Jinxbite                 Hex            0%         N/A       100%        2
 Lesser Beckoning         Tloc           0%         N/A       100%        2
 Momentum Strike          Conj/Tloc      0%         3d8       100%        2
 Hailstorm                Conj/Ice       0%         3d3       100%        3
 Mephitic Cloud           Conj/Pois/Air  0%         N/A       100%        3
 Sigil of Binding         Hex            0%         N/A       100%        3
 Volatile Blastmotes      Fire/Tloc      0%         2d10      100%        3
 Dimensional Bullseye     Hex/Tloc       0%         N/A       100%        4
 Fulminant Prism          Conj/Hex       0%         3d5       100%        4
 Iskenderun's Mystic Bla  Conj/Tloc      0%         2d3       100%        4
 Leda's Liquefaction      Hex/Erth       0%         N/A       100%        4
 Manifold Assault         Tloc           0%         N/A       100%        4
 Alistair's Intoxication  Tmut/Pois      0%         N/A       100%        5
 Bombard                  Conj/Erth      0%         9d1       100%        6
 Sublimation of Blood     Necr           Unusable   N/A       N/A         2
 Wereblood                Tmut           Unusable   N/A       N/A         2
 Call Canine Familiar     Summ           Unusable   N/A       N/A         3
 Summon Ice Beast         Ice/Summ       Unusable   N/A       N/A         4
 Simulacrum               Ice/Necr       Unusable   N/A       N/A         6
 Haunt                    Necr/Summ      Unusable   N/A       N/A         7
 Spellforged Servitor     Conj/Summ      Unusable   N/A       N/A         7
 Summon Hydra             Summ           Unusable   N/A       N/A         7

Dungeon Overview and Level Annotations

Branches:
Dungeon (13/15)            Temple (1/1) D:5            Lair (0/5) D:8
    Orc (0/2) D:9           Sewer (visited)          Bailey (visited)
 Vaults: D:13-14

Altars:
Ashenzari
Cheibriados
Dithmenos
Fedhas
Gozag
Hepliaklqana
Kikubaaqudgha
Makhleb
Nemelex Xobeh
Okawaru
Qazlal
Ru
Sif Muna
Trog
Uskayaw
Vehumet
Wu Jian
Xom
Yredelemnul

Shops:
D:3 [   D:4 (   D:9 [   D:10 (

Portals:
Trove: D:10 (give 14 scrolls of teleportation)

Annotations:
D:9 2 transporters, generaletaddeo's ghost, novice AtBe


Innate Abilities, Weirdness & Mutations

You are immune to poison.
You have sharp fingernails.
Your flesh is cold resistant. (rC+)
You are immune to negative energy. (rN+++)
You do not regenerate when monsters are visible.
You are immune to unholy pain and torment.
You thrive by killing the living.


Message History

A centaur warrior comes into view.
You barely miss the centaur warrior.
The centaur warrior unwields a +0 orcbow.
The centaur warrior hits you.
The centaur warrior kicks you but does no damage.
The centaur warrior wields a +0 shortbow.
The centaur warrior shoots an arrow.
The arrow hits you.
The centaur wields a +0 orcbow.
The centaur shoots an arrow.
The arrow hits you but does no damage.
You hear a shout!
The centaur warrior hits you but does no damage.
The centaur warrior kicks you but does no damage.
The centaur warrior closely misses you.
The centaur warrior kicks you but does no damage.
The centaur warrior hits you.
The centaur warrior kicks you but does no damage.
The centaur shoots an arrow.
The arrow hits you but does no damage.
The centaur warrior wields a +0 orcbow.
The centaur warrior shoots an arrow.
The arrow hits you.
The centaur warrior shoots an arrow.
The arrow hits you!
The centaur shoots an arrow.
The arrow hits you!
The centaur warrior shoots an arrow.
The arrow hits you!
The vampire casts a spell.
The vampire flickers and vanishes for a moment.
The centaur warrior shoots an arrow.
You block the arrow with an invisible shield... and reflect it back!
The arrow hits the centaur warrior!!
The centaur shoots an arrow.
The arrow barely misses you.
The centaur warrior shoots an arrow.
The arrow misses you. The vampire casts a spell at you.
You resist with almost no effort.
The centaur warrior shoots an arrow.
The arrow hits you.
The centaur warrior shoots an arrow.
The arrow hits you!
The centaur warrior shoots an arrow.
The arrow hits you!!
* * * LOW HITPOINT WARNING * * *
The centaur warrior shoots an arrow.
The arrow barely misses you.
The centaur shoots an arrow.
The arrow misses you.
The centaur warrior shoots an arrow.
The arrow hits you!
* * * LOW HITPOINT WARNING * * *
The centaur warrior shoots an arrow.
The arrow hits you!
You die...

#...# #...# #...#
###############.).#######
................).)..<...
.................))......
#############...#########
#...# ##
##########@..####### ..
.................... ..
........>.......... ##
###...............
#.....V.........
#....c..........
#......c........
#.c.............
#...............


You could see 2 centaur warriors, a vampire (invisible) and a centaur.

Vanquished Creatures
  2 vault guards (Bailey)
  3 centaur warriors (D:13)
  A two-headed ogre (D:11)
  4 skeletal warriors (D:9)
  3 cyclopes
  A manticore (D:13)
  An unseen horror (D:10)
  An efreet (D:10)
  A kobold demonologist (D:12)
  A komodo dragon (D:11)
  5 trolls
  A blink frog (Bailey)
  Prince Ribbit (D:5)
  5 slime creatures (D:13)
  2 shadows
  A vampire (D:9)
  7 humans (Bailey)
  22 yaks
  3 wraiths
  4 vampire mosquitoes (D:11)
  2 wargs (D:8)
  2 water moccasins
  4 orc warriors
  A black bear (D:6)
  3 sky beasts
  Pargi (Sewer)
  2 ice beasts
  2 ogres (D:6)
  15 centaurs
  4 phantoms
  4 kobold brigands
  12 bullfrogs
  3 wights (D:9)
  15 killer bees
  13 howler monkeys
  2 lava snakes (D:10)
  10 orc priests
  4 hounds
  2 jellies
  Ijyb (D:5)
  A gnoll bouda (D:4)
  4 sleepcaps
  5 iguanas (D:5)
  9 orc wizards
  A gnoll (Bailey)
  A river rat (D:4)
  8 adders
  A shadow imp (D:8)
  A howler monkey simulacrum (D:10)
  6 dart slugs
  26 orcs
  6 ball pythons
  7 bats
  5 endoplasms
  6 giant cockroaches
  13 goblins
  13 hobgoblins
  4 jackals (D:1)
  23 kobolds
  3 quokkas
  2 frilled lizards
  6 rats
322 creatures vanquished.

Notes
Turn   | Place    | Note
-------+----------+-------------------------------------------
     0 | D:1      | Revguard the Ghoul Monk began the quest for the Orb.
     0 | D:1      | Reached XP level 1. HP: 19/19 MP: 0/0
    46 | D:1      | Reached XP level 2. HP: 18/26 MP: 1/1
   267 | D:1      | You fall into a shaft and drop 1 floor!
   413 | D:2      | Reached XP level 3. HP: 31/31 MP: 2/2
   596 | D:2      | Reached skill level 1 in Armour
  1165 | D:1      | Reached XP level 4. HP: 38/40 MP: 3/3
  1428 | D:3      | Found Quroemei's Antique Armour Emporium.
  1476 | D:3      | Reached skill level 1 in Shields
  1495 | D:3      | Identified the +4 mace of Defiance {spect, Str+3 Int+4}
  1508 | D:3      | Reached skill level 1 in Invocations
  1630 | D:3      | Found an ornate altar of the Wu Jian Council.
  1809 | D:4      | Reached skill level 4 in Fighting
  1809 | D:4      | Reached skill level 1 in Evocations
  1809 | D:4      | Reached XP level 5. HP: 40/46 MP: 4/4
  1934 | D:4      | Found a radiant altar of Vehumet.
  1978 | D:4      | Found an iron altar of Okawaru.
  1990 | D:4      | Became a worshipper of Warmaster Okawaru
  1990 | D:4      | Reached * piety under Okawaru
  1990 | D:4      | Reached ** piety under Okawaru
  2088 | D:4      | Noticed a phantom
  2096 | D:4      | Killed a phantom
  2097 | D:4      | Reached XP level 6. HP: 48/53 MP: 6/6
  2130 | D:4      | Found a glowing drain.
  2135 | Sewer    | Entered a sewer
  2310 | Sewer    | Noticed Pargi
  2314 | Sewer    | Killed Pargi
  2467 | D:4      | Identified the +0 leather armour of Fallacy {rF+ Dex+3
                  | Slay-5}
  2497 | D:4      | Got a well-preserved book
  2514 | D:4      | Found Caasout's Weapon Boutique.
  2673 | D:4      | Reached XP level 7. HP: 43/60 MP: 7/7
  2939 | D:4      | Found a blossoming altar of Fedhas.
  3056 | D:5      | Entered Level 5 of the Dungeon
  3059 | D:5      | Found a staircase to the Ecumenical Temple.
  3085 | Temple   | Entered the Ecumenical Temple
  3289 | D:5      | Noticed Prince Ribbit
  3302 | D:5      | Reached skill level 5 in Fighting
  3331 | D:5      | Reached *** piety under Okawaru
  3336 | D:5      | Killed Prince Ribbit
  3337 | D:5      | Reached XP level 8. HP: 51/68 MP: 7/9
  3673 | D:5      | Got a foxed book
  3757 | D:5      | Found a shadowy altar of Dithmenos.
  3757 | D:5      | Noticed Ijyb
  3764 | D:5      | Killed Ijyb
  4049 | D:5      | Found a shimmering blue altar of Sif Muna.
  4358 | D:6      | Reached skill level 6 in Fighting
  4358 | D:6      | Reached skill level 5 in Axes
  4386 | D:6      | Reached XP level 9. HP: 7/75 MP: 1/10
  4387 | D:6      | HP: 3/75 [acid (3)]
  4388 | D:6      | Reached **** piety under Okawaru
  4952 | D:7      | Reached skill level 7 in Fighting
  4952 | D:7      | Reached skill level 5 in Armour
  5805 | D:8      | Reached XP level 10. HP: 41/86 MP: 4/12
  5807 | D:8      | Found a bloodstained altar of Trog.
  5843 | D:8      | Found a staircase to the Lair.
  5909 | D:8      | Found a flagged portal.
  5924 | Bailey   | Entered a bailey
  5974 | Bailey   | Reached skill level 5 in Dodging
  6187 | Bailey   | Reached skill level 8 in Fighting
  6251 | Bailey   | Reached skill level 5 in Invocations
  6260 | Bailey   | Reached ***** piety under Okawaru
  6370 | Bailey   | Noticed a vault guard
  6407 | Bailey   | HP: 4/89 [vault guard/+0 broad axe (6)]
  6409 | Bailey   | Killed a vault guard
  6409 | Bailey   | Received a gift from Okawaru
  6667 | Bailey   | Noticed a vault guard
  6701 | Bailey   | Killed a vault guard
  6702 | Bailey   | Reached XP level 11. HP: 73/95 MP: 7/14
  6842 | D:8      | Found a broken altar of Ashenzari.
  7179 | D:8      | Found a shimmering altar of Xom.
  7379 | D:9      | Found a transporter.
  7391 | D:9      | Noticed generaletaddeo's ghost (novice AtBe)
  7616 | D:9      | Found a transporter.
  7855 | D:9      | Found a staircase to the Orcish Mines.
  7908 | D:9      | Reached skill level 9 in Fighting
  8449 | D:9      | Noticed a skeletal warrior
  8449 | D:9      | Noticed a skeletal warrior
  8449 | D:9      | Noticed a skeletal warrior
  8449 | D:9      | Noticed a skeletal warrior
  8467 | D:9      | Killed a skeletal warrior
  8478 | D:9      | Killed a skeletal warrior
  8488 | D:9      | Killed a skeletal warrior
  8489 | D:9      | Reached skill level 5 in Shields
  8489 | D:9      | Reached skill level 5 in Evocations
  8498 | D:9      | HP: 1/97 [skeletal warrior/+0 scimitar (12)]
  8896 | D:9      | Killed a skeletal warrior
  9018 | D:9      | Found Loraong's Antique Armour Boutique.
  9027 | D:9      | Bought an embroidered hat for 147 gold pieces
  9160 | D:10     | Entered Level 10 of the Dungeon
  9186 | D:10     | Found a portal to a secret trove of treasure.
 10040 | D:10     | Found Fone's Antique Weapon Shop.
 10050 | D:10     | Bought a runed war axe for 156 gold pieces
 10346 | D:10     | Received a gift from Okawaru
 10349 | D:10     | Reached XP level 12. HP: 85/106 MP: 15/15
 10758 | D:11     | Noticed a two-headed ogre
 10766 | D:11     | Killed a two-headed ogre
 10767 | D:11     | Reached skill level 10 in Fighting
 12368 | D:12     | Received a gift from Okawaru
 13104 | D:13     | Found a shimmering altar of Xom.
 13201 | D:13     | Noticed a centaur warrior
 13201 | D:13     | Noticed a centaur warrior
 13212 | D:13     | Killed a centaur warrior
 13217 | D:13     | Killed a centaur warrior
 13250 | D:13     | Found a radiant altar of Vehumet.
 13262 | D:13     | Received a gift from Okawaru
 13418 | D:13     | Noticed a centaur warrior
 13431 | D:13     | Killed a centaur warrior
 13432 | D:13     | Reached skill level 11 in Fighting
 13467 | D:13     | Reached XP level 13. HP: 105/116 MP: 17/17
 13490 | D:13     | Shot with an arrow by a centaur warrior

Illustrated notes

Levels and vault maps discovered:
D:1:      dpeg_arrival_leaves_temple_mockup, layout_loops_ring, minmay_ruptured
D:2:      layout_basic
D:3:      layout_rooms, marbit_many_paths, serial_shops, shop, hex_intersection
D:4:      layout_basic, mainiacjoe_overflow_alcove_2,
          mainiacjoe_overflow_six_doors_small, kennysheep_mini_moat,
          serial_shops, nicolae_shop_hallway_plus, gup_sewer_entry_bowl,
          kennysheep_diamond
D:5:      layout_loops_ring, zin_treasury, nicolae_dithmenos_the_darkroom,
          mainiacjoe_overflow_24_doors, led_sif_book, minmay_temple_entry_tees,
          uniq_ijyb, uniq_prince_ribbit1
D:6:      layout_basic
D:7:      layout_basic
D:8:      layout_loops_ring, mainiacjoe_overflow_alcove_4, kennysheep_mini,
          mainiacjoe_overflow_concentric_impassable, erik_lair_orcish_takeover,
          enter_bailey_5
D:9:      layout_basic, orc_0_dummy, serial_shops, shop,
          gammafunk_ghost_stat_death
D:10:     kennysheep_big_flooded_room, layout_stronghold, serial_shops, shop,
          nicolae_trove_entry_crystal
D:11:     layout_loops_ring
D:12:     layout_stronghold
D:13:     layout_long_grid, portal_ice_cave_entry_ice_simulacra,
          hangedman_feature_mirror
Temple:   nicolae_temple_ecumenical_triangle

Skill      XL: |  1  2  3  4  5  6  7  8  9 10 11 12 |
---------------+-------------------------------------+-----
Axes           | 3 4 5 6 7 8 9 |  9.4
Armour         | 1 2 3 4 5 6 7 8 |  8.8
Shields        | 1 2 3 4 5 6 |  6.0
Dodging        | 3 4 5 6 |  6.8
Invocations    | 1 2 3 4 5 6 7 |  7.3
Fighting       | 4 5 6 7 8 9 11 | 11.1
Evocations     | 1 2 3 4 5 6 |  6.1

Action                     |  1- 3 |  4- 6 |  7- 9 | 10-12 | 13-15 || total
---------------------------+-------+-------+-------+-------+-------++-------
  Melee: Hand axe          |   103 |    33 |   188 |   418 |       ||   742
         Mace              |       |    72 |   125 |       |       ||   197
         Broad axe         |       |       |       |    71 |       ||    71
         War axe           |       |       |       |   262 |     5 ||   267
 Invoke: Heroism           |       |       |     4 |     8 |       ||    12
         Finesse           |       |       |       |     6 |       ||     6
  Evoke: Wand              |       |       |     5 |    21 |       ||    26
    Use: Potion            |       |       |     5 |     5 |       ||    10
         Scroll            |       |       |    12 |    14 |       ||    26
 Armour: Robe              |     8 |       |       |       |       ||     8
         Ring mail         |    59 |    29 |       |       |       ||    88
         Chain mail        |       |    36 |   302 |       |       ||   338
         Plate armour      |       |       |   133 |   909 |    21 ||  1063
  Dodge: Dodged            |    64 |    63 |   257 |   341 |     9 ||   734
  Block: Orb               |       |       |       |   200 |     1 ||   201
         Reflection        |       |       |       |     2 |     1 ||     3

Table legend: (Time is in decaauts)
 A = Elapsed time spent in this place.
 B = Non-inter-level travel time spent in this place.
 C = Inter-level travel time spent in this place.
 D = Time resting spent in this place.
 E = Time spent auto-exploring this place.
 F = Levels seen in this place.
 G = Mean time per level.
                   A        B        C        D        E       F      G
               +--------+--------+--------+--------+--------+-----+--------+
         Total |  13464 |  13192 |    272 |   1273 |   9173 |  16 |  841.5 |
       Dungeon |  12453 |  12182 |    271 |    933 |   8800 |  13 |  957.9 |
        Temple |      1 |      0 |      1 |      0 |      0 |   1 |    1.0 |
         Sewer |    266 |    266 |      0 |      0 |    227 |   1 |  266.0 |
        Bailey |    743 |    743 |      0 |    340 |    146 |   1 |  743.0 |
               +--------+--------+--------+--------+--------+-----+--------+

Top non-repeatable levels by time:
    D:10: 1614 daAuts
     D:9: 1378 daAuts
    D:11: 1193 daAuts
     D:8: 1186 daAuts
     D:5: 1052 daAuts
     D:4: 1014 daAuts
    D:12: 971 daAuts
     D:6: 816 daAuts
     D:7: 815 daAuts
  Bailey: 743 daAuts
     D:2: 710 daAuts
     D:1: 697 daAuts
    D:13: 583 daAuts
     D:3: 417 daAuts
   Sewer: 266 daAuts
